 Dungeon Crawl Stone Soup version 0.25.1-2-g60ff931df9 (webtiles) character file.

Game seed: 13593613169847508501

1162 H0rd4k the Insei (level 8, -6/50 HPs)
             Began as an Octopode Transmuter on Aug 6, 2020.
             Killed by divine providence
             ... invoked by an orc priest
              (16 damage)
             ... on level 6 of the Dungeon.
             The game lasted 00:08:13 (7819 turns).

H0rd4k the Insei (Octopode Transmuter)              Turns: 7819, Time: 00:08:14

Health: -6/50      AC:  2    Str:  9    XL:     8   Next: 40%
Magic:  15/15      EV: 14    Int: 20    God:
Gold:   365        SH:  0    Dex: 13    Spells: 10/16 levels left

rFire    . . .     SeeInvis .     - Unarmed
rCold    . . .     Gourm    .   (no shield)
rNeg     . . .     Faith    .   d - +1 hat {Int+3}
rPois    .         Spirit   .   (no amulet)
rElec    .         Reflect  .   (no ring)
rCorr    .         Harm     .   (no ring)
MR       .....                  (no ring)
Stlth    ++++......             (no ring)
HPRegen  0.16/turn              (no ring)
MPRegen  0.14/turn              (no ring)
                                (no ring)
                                (no ring)

@: appendage
A: almost no armour, stealthy swim, amphibious, 8 rings, constrict 8, tentacle
spike 3, camouflage 1, gelatinous body 1
a: End Transformation


You were on level 6 of the Dungeon.
You were near starving.
One of your tentacles had a temporary spike.
You visited 2 branches of the dungeon, and saw 7 of its levels.

You collected 365 gold pieces.

Inventory:

Missiles
 a - 106 arrows
 m - 11 poisoned darts (quivered)
Armour
 d - a +1 hat of intelligence (worn)
Magical Staves
 q - an uncursed staff of summoning {unknown}
Jewellery
 u - an uncursed ring of flight {unknown}
Scrolls
 b - 7 scrolls of identify {unknown}
 e - 2 scrolls of enchant armour {unknown}
 f - a scroll of immolation {unknown}
 g - 5 scrolls of teleportation {unknown}
 h - 2 scrolls of blinking {unknown}
 k - 4 scrolls of remove curse {unknown}
 l - 2 scrolls of fear {unknown}
 n - 3 scrolls of magic mapping {unknown}
 p - a scroll of noise {unknown}
 r - a scroll of amnesia {unknown}
 s - a scroll of holy word {unknown}
 t - a scroll of vulnerability {unknown}
Potions
 i - 2 potions of degeneration {unknown}
 j - 2 potions of curing
 o - a potion of lignification {unknown}
 v - a potion of haste {unknown}
Comestibles
 c - 12 rations


   Skills:
 + Level 1.8 Fighting
 + Level 0.9 Throwing
 + Level 2.8 Dodging
 + Level 4.2 Stealth
 + Level 6.3 Unarmed Combat
 * Level 4.8 Spellcasting
 * Level 4.8 Transmutations
 + Level 0.5 Poison Magic


You had 10 spell levels left.
You knew the following spells:

 Your Spells              Type           Power        Failure   Level  Hunger
a - Beastly Appendage     Tmut           ###...       1%          1    None
b - Sticks to Snakes      Tmut           ###.....     2%          2    #......
c - Spider Form           Tmut/Pois      ###.......   12%         3    ##.....

Your spell library contained the following spells:

 Spells                   Type           Power        Failure   Level  Hunger
 Ice Form                 Ice/Tmut       ##......     41%         4    ####...
 Blade Hands              Tmut           ###.......   41%         5    ######.


Dungeon Overview and Level Annotations

Branches:
Dungeon (6/15)             Temple (1/1) D:6

Altars:
Ashenzari
Elyvilon
Fedhas
Hepliaklqana
Kikubaaqudgha
Makhleb
Nemelex Xobeh
Okawaru
Ru
Sif Muna
Trog
Uskayaw
Vehumet
Yredelemnul
Zin
The Shining One

Shops:
D:4 :*   D:5 *

Annotations:
D:4 exclusion: 2 downstairs


Innate Abilities, Weirdness & Mutations

You cannot wear most types of armour.
You are very stealthy in the water. (Stealth+)
You are amphibious.
You can wear up to eight rings at the same time.
You can use your tentacles to constrict eight enemies at once.
Your skin changes colour to match your surroundings (Stealth+).
Your rubbery body absorbs attacks. (AC +1, EV +1)
One of your tentacles bears a large vicious spike.


Message History

You constrict the orc wizard.
You feel sick.
The orc wizard points at you and mumbles some strange words.
The puff of frost hits you!
You tentacle-slap the orc wizard.
You kill the orc wizard!
You feel sick.
The orc priest invokes the aid of Beogh against you.
Beogh smites you!
* * * LOW HITPOINT WARNING * * *
An orc comes into view. It is wielding a +0 dagger.
The orc throws a boomerang.
The boomerang completely misses you.
The weapon returns to the orc!
You hear a shout! x2
* * * LOW HITPOINT WARNING * * *
You feel sick.
You hear a shout!
It was a potion of curing.
You feel better.
The orc priest calls down the wrath of Beogh upon you.
Beogh smites you!
You die...

#..........# #......
#..........# #......
#..........# #......
#..........# #.o....
#..........# .oo....
#..........# .......
#...>......#
......o######.##########
.......oo.).@.#
.......######## o......
....... ......) #######


You could see an orc priest and 2 orcs.

Vanquished Creatures
  A black bear (D:6)
  2 ogres
  A centaur (D:5)
  A scorpion (D:4)
  2 crimson imps
  3 hounds
  2 bullfrog skeletons
  5 orc wizards
  2 orc priests
  An iguana (D:6)
  5 worker ants
  A hound zombie (D:5)
  8 adders
  2 shadow imps (D:5)
  An ooze (D:1)
  9 worms
  5 dart slugs
  A leopard gecko (D:4)
  7 orcs
  4 giant cockroaches
  7 goblins
  6 hobgoblins
  7 kobolds
  2 quokkas
  2 ball pythons
  5 bats
  5 frilled lizards
  A jackal zombie (D:5)
  5 rats
103 creatures vanquished.

Notes
Turn   | Place    | Note
-------+----------+-------------------------------------------
     0 | D:1      | H0rd4k the Octopode Transmuter began the quest for the Orb.
     0 | D:1      | Reached XP level 1. HP: 13/13 MP: 3/3
   309 | D:1      | Reached XP level 2. HP: 18/18 MP: 5/5
   631 | D:1      | Reached XP level 3. HP: 22/23 MP: 6/6
   640 | D:1      | Learned a level 2 spell: Sticks to Snakes
   644 | D:1      | Learned a level 3 spell: Spider Form
  1179 | D:2      | Reached skill level 1 in Stealth
  1333 | D:2      | Reached XP level 4. HP: 26/28 MP: 7/7
  1519 | D:2      | Reached skill level 4 in Unarmed Combat
  2570 | D:3      | Reached XP level 5. HP: 33/33 MP: 7/9
  3517 | D:4      | Found Ytelekhu's Book Shop.
  3688 | D:4      | You fall into a shaft and drop 1 floor!
  3688 | D:5      | Entered Level 5 of the Dungeon
  3705 | D:5      | Reached XP level 6. HP: 34/38 MP: 10/10
  4282 | D:4      | Found Tefuelakk's General Store.
  4498 | D:3      | Reached skill level 5 in Unarmed Combat
  5019 | D:5      | Found Puorcho's Assorted Antiques.
  5410 | D:5      | Reached XP level 7. HP: 31/43 MP: 9/12
  5534 | D:5      | Found a sparkling altar of Nemelex Xobeh.
  5803 | D:5      | Found a glowing golden altar of the Shining One.
  6849 | D:6      | Reached XP level 8. HP: 43/48 MP: 12/14
  6879 | D:6      | Found a staircase to the Ecumenical Temple.
  6901 | D:6      | Reached skill level 6 in Unarmed Combat
  7111 | Temple   | Entered the Ecumenical Temple
  7819 | D:6      | Killed from afar by an orc priest

Illustrated notes

Levels and vault maps discovered:
D:1:      ncdulo_watergridlock, layout_rooms, kennysheep_doodads
D:2:      layout_loops_ring, first_ration
D:3:      layout_basic
D:4:      layout_basic, serial_shops, shop, shop
D:5:      layout_rooms, tso_metal_star, nemelex_xobeh_ov_fountains_minmay,
          serial_shops, shop, chequers_big_river
D:6:      layout_basic, minmay_temple_entry_tees, uniq_grinder
Temple:   minmay_temple_curvy_branch

Skill      XL: |  1  2  3  4  5  6  7  8 |
---------------+-------------------------+-----
Stealth        | 1 2 3 4 |  4.2
Unarmed Combat | 4 5 6 |  6.3
Spellcasting   | 3 4 |  4.8
Transmutations | 3 4 |  4.8
Fighting       | |  1.8
Throwing       | |  0.9
Dodging        | |  2.8
Poison Magic   | |  0.5

Action                   |  1- 3 |  4- 6 |  7- 9 || total
-------------------------+-------+-------+-------++-------
Melee: Unarmed           |    63 |   151 |   100 ||   314
       Tentacles         |    13 |    33 |    10 ||    56
       Constrict         |    16 |    35 |    19 ||    70
       Punch             |     1 |     6 |     7 ||    14
       Kick              |       |    33 |    29 ||    62
Throw: Dart              |       |     4 |       ||     4
 Cast: Beastly Appendage |     2 |    19 |    12 ||    33
       Spider Form       |       |     1 |     2 ||     3
  Use: Potion            |       |       |     1 ||     1
 Stab: Sleeping          |     6 |     7 |     1 ||    14
  Eat: Chunk             |     1 |    13 |     6 ||    20
Armor: Skin              |     5 |    11 |     8 ||    24
Dodge: Dodged            |    39 |    56 |    68 ||   163
